 Dungeon Crawl Stone Soup version 0.31-a0-1074-g0b22e4e0f1 (webtiles) character file.

Game seed: 5129382868450910476

7265 lunkers the Grappler (level 11, -4/86 HPs)
             Began as a Meteoran Shapeshifter on Nov 27, 2023.
             Was a Priest of Okawaru.
             Slain by a two-headed ogre
             ... wielding a +0 giant club
              (19 damage)
             ... on level 10 of the Dungeon on Nov 28, 2023.
             The game lasted 00:15:49 (4735 turns).

lunkers the Grappler (Meteoran Shapeshifter)        Turns: 4735, Time: 00:15:49

Health: -4/86      AC: 13    Str: 18    XL:     11   Next: 59%
Magic:  14/14      EV: 13    Int: 12    God:    Okawaru [***...]
Gold:   745        SH:  5    Dex: 16    Spells: 10/10 levels left

rFire   . .          .
                       - Unarmed
rCold   . . .        (shield currently unavailable)
rNeg    + . .        u - +0 swamp dragon scales
rPois   +            (no helmet)
rElec   .            (no cloak)
rCorr   .            s - +0 pair of gloves
SInv    .            (no boots)
Will    +....        p - amulet of reflection
Stlth   +            k - ring of positive energy
HPRegen 0.34/turn    A - +4 ring of protection
MPRegen 0.14/turn

%: reflection
@: flux-form, glowing
A: glow, contaminating, sense surroundings 2, otherworldly, glowing, explore
regen
a: Begin Untransformation, Renounce Religion, Heroism


You were on level 10 of the Dungeon.
You worshipped Okawaru.
Okawaru was most pleased with you.
You were something dangerously unstable.
You visited 1 branch of the dungeon, and saw 10 of its levels.
You also visited: Bailey.

You collected 745 gold pieces.

Inventory:

Missiles
 e - 3 throwing nets
 t - 15 boomerangs
Armour
 h - a +4 plate armour
 q - a +1 helmet
 s - a +0 pair of gloves (worn)
 u - +0 swamp dragon scales (worn)
 w - a +0 kite shield
 y - the +1 ring mail "Meig" {rN+ MP+9}
   (You found it on level 7 of the Dungeon)

   rN+:       It protects you from negative energy.
   MP+9:      It affects your magic capacity (+9).
Jewellery
 k - a ring of positive energy (left hand)
 p - an amulet of reflection (around neck)
 A - a +4 ring of protection (right hand)
Talismans
 c - a beast talisman
 d - a flux talisman (active)
Wands
 f - a wand of polymorph (12)
 v - a wand of iceblast (3)
 x - a wand of digging (1)
Scrolls
 a - 3 scrolls of revelation
 r - 2 scrolls of immolation
 C - a scroll of teleportation
 D - a scroll of identify
Potions
 b - 3 potions of lignification
 g - 2 potions of might
 i - 5 potions of enlightenment
 j - 2 potions of heal wounds
 l - a potion of magic {unknown}
 m - 7 potions of curing
 n - a potion of invisibility {unknown}
 o - 3 potions of attraction
 z - a potion of resistance {unknown}
Miscellaneous
 B - a sack of spiders


   Skills:
 + Level 5.0 Fighting
 + Level 4.3 Armour
 + Level 5.3 Dodging
 * Level 14.6 Unarmed Combat
 + Level 2.6 Invocations
 + Level 10.1 Shapeshifting


You had 10 spell levels left.
You didn't know any spells.
Your spell library contained the following spells:

 Spells                   Type           Power      Damage    Failure   Level
 Kiss of Death            Conj/Necr      0%         2d5       50%         1
 Poisonous Vapours        Pois/Air       0%         N/A       63%         2
 Sublimation of Blood     Necr           0%         N/A       63%         2
 Wereblood                Tmut           0%         N/A       63%         2
 Confusing Touch          Hex            0%         N/A       86%         3
 Mephitic Cloud           Conj/Pois/Air  0%         N/A       86%         3
 Sigil of Binding         Hex            0%         N/A       86%         3
 Dimensional Bullseye     Hex/Tloc       0%         N/A       99%         4
 Dispel Undead            Necr           0%         3d6       99%         4
 Leda's Liquefaction      Hex/Erth       0%         N/A       99%         4
 Petrify                  Tmut/Erth      0%         N/A       99%         4
 Freezing Cloud           Conj/Ice/Air   0%         6-21      100%        5
 Irradiate                Conj/Tmut      0%         3d11      100%        5
 Call Canine Familiar     Summ           Unusable   N/A       N/A         3

Dungeon Overview and Level Annotations

Branches:
Dungeon (10/15) Zot: 1729  Bailey (visited)
 Temple: D:4-7         Lair: D:8-11         Orc: D:9-12

Altars:
Dithmenos
Gozag
Hepliaklqana
Makhleb
Okawaru
Trog
Zin

Shops:
D:10 *


Innate Abilities, Weirdness & Mutations

You are something dangerously unstable.
You glow with magical radiation, making you easy to see and hit.
Foes you strike become dangerously contaminated with magical radiation.
You are incapable of wielding weapons or throwing items.
You passively map the area around you.
You are easily found by Zot.
You glow in the dark.
You regain HP and MP as you explore.


Message History

You punch the troll!
The troll glows dangerously bright.
The troll is severely wounded.
The two-headed ogre hits you with a +0 giant club!!
You block the two-headed ogre's attack. The troll bites you but does no damage.
The troll claws you but does no damage. The troll claws you.
* * * LOW HITPOINT WARNING * * *
You barely miss the troll.
The troll is heavily wounded.
Unknown command.
You hit the troll but do no damage.
The troll shudders as magic cascades through it!!
You kill the troll!
Okawaru accepts your kill.
The two-headed ogre closely misses you. x2
Unknown command.
The two-headed ogre hits you with a +0 giant club!
* * * LOW HITPOINT WARNING * * *
The two-headed ogre hits you with a +0 giant club!!
* * * LOW HITPOINT WARNING * * *
You see here a troll corpse.
You punch the two-headed ogre!
The two-headed ogre begins to glow.
The two-headed ogre is moderately wounded.
Unknown command.
Unknown command.
You punch the two-headed ogre!
The two-headed ogre glows dangerously bright.
The two-headed ogre is moderately wounded.
The two-headed ogre closely misses you.
The two-headed ogre hits you with a +0 giant club!
* * * LOW HITPOINT WARNING * * *
You punch the two-headed ogre!
The two-headed ogre shudders as magic cascades through it.
The two-headed ogre twists and deforms.
The two-headed ogre is severely wounded.
Unknown command.
You punch the two-headed ogre!
The two-headed ogre begins to glow.
The two-headed ogre is almost dead.
The two-headed ogre barely misses you.
The two-headed ogre hits you with a +0 giant club!!
You die...

##.#...#..# ...#* ,~~ ,
.....,....##..#* ...)..
* , .#.#.##..<#)..#
.....# *
.........##..####..>..#
* * ,
.#..#.∩.#.......#....# *
, ..##................#
* , *
##.##.#.........$....#
#).##..........O....####
,
#............$..p......#
,
#.<...............PP.P.#
##.#......#.......P~PPPP
*
##.......##....>.P~PPP~~
###..............P~~♣~ ~
*, ##.....##.......PP~~
#......#......#.P~!P * ~
~ ###.......##..#####P ~
~ , #........# *, * , *


You could see a two-headed ogre (contam, misshapen).

Vanquished Creatures
  Erica (D:8)
  A soul eater (D:9)
  Pikel (D:4)
  Maggie (D:8)
  Jeremiah (D:7)
  A kobold demonologist (D:9)
  A troll (D:10)
  A red devil (D:9)
  A wraith (D:5)
  A shadow (D:10)
  A wyvern (D:8)
  4 yaks (D:8)
  2 steam dragons
  A chaos spawn (D:9)
  An acid dragon (D:9)
  A water moccasin (D:8)
  8 orc warriors
  An ice beast (D:8)
  A sky beast (D:6)
  2 ogres (D:5)
  2 phantoms
  3 centaurs
  3 kobold brigands
  A gnoll sergeant (D:7)
  3 wights (D:7)
  3 howler monkeys (D:8)
  A quasit (D:9)
  2 jellies
  6 hounds
  5 orc wizards
  A sleepcap (D:7)
  3 iguanas (D:5)
  12 gnolls
  6 adders
  A white imp (D:7)
  2 ufetubi (D:5)
  3 worms
  4 dart slugs
  26 orcs
  3 bats
  5 endoplasms
  12 giant cockroaches
  10 goblins
  10 hobgoblins
  4 jackals (D:3)
  18 kobolds
  3 quokkas (D:1)
  2 ball pythons
  A frilled lizard (D:1)
  6 rats
193 creatures vanquished.

Vanquished Creatures (others)
  An iguana (D:7)
1 creature vanquished.

Grand Total: 194 creatures vanquished

Notes
Turn   | Place    | Note
-------+----------+-------------------------------------------
     0 | D:1      | lunkers the Meteoran Shapeshifter began the quest for the
                  | Orb.
     0 | D:1      | Reached XP level 1. HP: 16/16 MP: 2/2
   208 | D:1      | Reached skill level 4 in Unarmed Combat
   208 | D:1      | Reached XP level 2. HP: 19/23 MP: 3/3
   468 | D:2      | Reached XP level 3. HP: 27/28 MP: 4/4
   744 | D:2      | Reached XP level 4. HP: 30/35 MP: 5/5
   834 | D:3      | Reached skill level 5 in Unarmed Combat
   840 | D:3      | Found a bloodstained altar of Trog.
   965 | D:3      | Found a hazy altar of Hepliaklqana.
  1214 | D:3      | Reached XP level 5. HP: 32/40 MP: 6/6
  1705 | D:4      | Noticed a phantom
  1723 | D:4      | Killed a phantom
  1724 | D:4      | Reached skill level 6 in Unarmed Combat
  1724 | D:4      | Reached skill level 5 in Shapeshifting
  1724 | D:4      | Reached XP level 6. HP: 35/47 MP: 7/7
  1783 | D:4      | You fall into a shaft and drop 3 floors!
  1809 | D:7      | Noticed Jeremiah
  1809 | D:7      | Noticed a sky beast
  1847 | D:6      | Killed a sky beast
  1848 | D:6      | Reached skill level 7 in Unarmed Combat
  1848 | D:6      | Reached XP level 7. HP: 14/52 MP: 8/8
  1939 | D:6      | Found an opulent altar of Gozag.
  1965 | D:7      | Killed Jeremiah
  1966 | D:7      | Reached skill level 8 in Unarmed Combat
  1966 | D:7      | Reached XP level 8. HP: 10/59 MP: 9/9
  1968 | D:7      | Found a shadowy altar of Dithmenos.
  2001 | D:6      | Found a glowing silver altar of Zin.
  2048 | D:6      | Reached skill level 9 in Unarmed Combat
  2127 | D:7      | Identified the +1 ring mail "Meig" {rN+ MP+9}
  2130 | D:7      | Found a flagged portal.
  2153 | Bailey   | Entered a bailey
  2274 | Bailey   | Reached skill level 10 in Unarmed Combat
  2303 | Bailey   | Gained mutation: You passively map the area around you.
                  | [Meteoran growth]
  2303 | Bailey   | Reached XP level 9. HP: 50/64 MP: 10/10
  2544 | D:7      | Reached skill level 11 in Unarmed Combat
  2638 | D:5      | Entered Level 5 of the Dungeon
  2798 | D:4      | Noticed Pikel
  2809 | D:4      | Reached skill level 12 in Unarmed Combat
  2811 | D:4      | Killed Pikel
  2812 | D:4      | Reached XP level 10. HP: 59/71 MP: 11/11
  3200 | D:5      | Reached skill level 13 in Unarmed Combat
  3225 | D:7      | Found an iron altar of Okawaru.
  3280 | D:7      | Became a worshipper of Warmaster Okawaru
  3453 | D:8      | Reached skill level 1 in Armour
  3487 | D:8      | Noticed Erica
  3495 | D:8      | Killed Erica
  3782 | D:8      | Reached * piety under Okawaru
  3843 | D:8      | Reached XP level 11. HP: 77/83 MP: 12/12
  3927 | D:8      | Noticed Maggie
  3941 | D:8      | Killed Maggie
  3990 | D:8      | Reached skill level 14 in Unarmed Combat
  4201 | D:9      | Reached ** piety under Okawaru
  4261 | D:9      | Noticed a soul eater
  4266 | D:9      | Reached skill level 1 in Invocations
  4284 | D:9      | Killed a soul eater
  4285 | D:9      | Reached skill level 5 in Dodging
  4285 | D:9      | Reached skill level 10 in Shapeshifting
  4362 | D:9      | Found a burning altar of Makhleb.
  4580 | D:9      | Reached *** piety under Okawaru
  4676 | D:10     | Entered Level 10 of the Dungeon
  4682 | D:10     | Found Pangoced's General Store.
  4689 | D:10     | Reached skill level 5 in Fighting
  4719 | D:10     | Noticed a two-headed ogre
  4735 | D:10     | Slain by a two-headed ogre

Illustrated notes

Levels and vault maps discovered:
D:1:      matt_arrival_diagonals, layout_basic
D:2:      layout_basic, minmay_surrounded
D:3:      minmay_roachtagon, layout_loops_corners, mainiacjoe_overflow_alcove_2,
          mainiacjoe_overflow_paths
D:4:      layout_basic, mainiacjoe_overflow_surrounded_room, uniq_pikel,
          uniq_blork_the_orc
D:5:      layout_loops_ring, kennysheep_generic_room_2
D:6:      layout_layer_cave, pdpol_temple_overflow_zin_treasury_gozag_greed,
          minmay_temple_entry_proselytizer, hellmonk_ghost_happy_afterlife
D:7:      layout_cave_pools, okawaru_metal_pillars_1_2,
          mainiacjoe_overflow_concentric_impassable, enter_bailey_3,
          gammafunk_ghost_gnarly_gnolls, hangedman_misty_isle, uniq_jeremiah
D:8:      layout_loops_corners, uniq_erica, uniq_maggie
D:9:      layout_loops_ring, chei_slow_surprise, mainiacjoe_overflow_24_doors,
          serial_demonic, serial_demonic_g, serial_demonic_d, serial_demonic_f,
          serial_demonic_c, hangedman_decor_clover_reticule,
          hangedman_weighted_door, nicolae_tricolors
D:10:     layout_cave_pools, kennysheep_mini, lemuel_coloured_pillars_altar,
          gammafunk_temple_overflow_wave, serial_shops, nicolae_shop_stone,
          nicolae_shop_bloodbath_and_beyond, nicolae_shop_waterfront,
          nicolae_shop_waterfront, nicolae_inconvenience_store,
          serial_bayou_lagoon_a, centaur_isle

Skill      XL: |  1  2  3  4  5  6  7  8  9 10 11 |
---------------+----------------------------------+-----
Unarmed Combat | 4 5 6 7 8 10 12 13 14 | 14.6
Shapeshifting  | 4 5 6 7 8 9 10 | 10.1
Fighting       | 3 5 |  5.0
Dodging        | 4 5 |  5.3
Armour         | 2 4 |  4.3
Invocations    | 2 |  2.6

Action                     |  1- 3 |  4- 6 |  7- 9 | 10-12 || total
---------------------------+-------+-------+-------+-------++-------
  Melee: Unarmed           |    72 |   126 |   203 |   267 ||   668
         Punch             |     4 |     4 |     7 |     4 ||    19
  Evoke: Wand              |       |     3 |     4 |       ||     7
    Use: Potion            |       |     1 |       |       ||     1
         Scroll            |       |       |    11 |     6 ||    17
 Armour: Animal skin       |    25 |    49 |       |       ||    74
         Leather armour    |       |     9 |       |       ||     9
         Ring mail         |       |    24 |   132 |    87 ||   243
         Skin              |       |     2 |     3 |       ||     5
         Swamp dragon scal |       |       |       |    74 ||    74
  Dodge: Dodged            |    42 |    71 |   133 |   118 ||   364
  Block: Other             |       |       |       |    27 ||    27
         Reflection        |       |       |       |     2 ||     2
   Form: Flux              |       |       |       |     1 ||     1

Table legend: (Time is in decaauts)
 A = Elapsed time spent in this place.
 B = Non-inter-level travel time spent in this place.
 C = Inter-level travel time spent in this place.
 D = Time resting spent in this place.
 E = Time spent auto-exploring this place.
 F = Levels seen in this place.
 G = Mean time per level.
                   A        B        C        D        E       F      G
               +--------+--------+--------+--------+--------+-----+--------+
         Total |   4619 |   4603 |     16 |     14 |   2723 |  11 |  419.9 |
       Dungeon |   4270 |   4254 |     16 |     14 |   2633 |  10 |  427.0 |
        Bailey |    349 |    349 |      0 |      0 |     90 |   1 |  349.0 |
               +--------+--------+--------+--------+--------+-----+--------+

Top non-repeatable levels by time:
     D:3: 839 daAuts
     D:8: 812 daAuts
     D:9: 467 daAuts
     D:5: 423 daAuts
     D:1: 385 daAuts
     D:2: 365 daAuts
     D:7: 360 daAuts
  Bailey: 349 daAuts
     D:4: 292 daAuts
     D:6: 268 daAuts
    D:10: 53 daAuts
